 Dungeon Crawl Stone Soup version 0.14-a0-3315-g09e681a (webtiles) character file.

107 4tharraofdagon the Skirmisher (level 4, -5/38 HPs)
             Began as a Centaur Fighter on Mar 15, 2014.
             Was an Initiate of the Shining One.
             Shot with an arrow by a centaur (7 damage)
             ... on Level 5 of the Dungeon.
             The game lasted 00:03:42 (727 turns).

4tharraofdagon the Skirmisher (Centaur Fighter)      Turns: 727, Time: 00:03:42

HP  -5/38        AC  7     Str 19      XL: 4   Next:  4%
MP   3/3         EV  5     Int  8      God: the Shining One [......]
Gold 37          SH 16     Dex  8      Spells:  0 memorised,  3 levels left

rFire  . . .     SeeInvis .     a - +0 long sword
rCold  . . .     Clarity  .     j - +0 ring mail
rNeg   . . .     Conserve .     c - +0 shield
rPois  .         rCorr    .     (no helmet)
rElec  .         rRot     .     (no cloak)
SustAb . .       Spirit   .     s - +0 pair of gloves
rMut   .         Warding  .     (no barding)
Saprov . . .     Stasis   .     (no amulet)
MR     .....                    (no ring)
                                (no ring)

@: lethally poisoned, very quick, not resistant to hostile enchantments,
extremely unstealthy
A: hooves 3, deformed body, herbivore 1, speed 2, fast metabolism 1, tough skin
3
a: Renounce Religion


You were on level 5 of the Dungeon.
You worshipped the Shining One.
The Shining One was noncommittal.
You were not hungry.

You visited 2 branches of the dungeon, and saw 6 of its levels.

You collected 37 gold pieces.

Inventory:

Hand weapons
 a - a +0,+0 long sword (weapon)
Missiles
 m - 3 curare-tipped needles
 o - 5 needles of slowing
Armour
 b - a +0 scale mail
 c - a +0 shield (worn)
 j - a +0 ring mail (worn)
 s - a +0 pair of gloves (worn)
Magical devices
 u - a wand of frost (14)
Comestibles
 d - 3 bread rations
 i - a lychee
 k - 2 pears
 n - a choko
 q - a meat ration
Scrolls
 g - a scroll of noise {unknown}
 h - a scroll of recharging {unknown}
 l - 2 scrolls of blinking {unknown}
 p - a scroll of random uselessness {unknown}
 r - a scroll of fear {unknown}
 t - a scroll of identify {unknown}
Potions
 e - a potion of might
Rods
 v - a +0 rod of striking (12/12)
   (You found it on level 4 of the Dungeon)


   Skills:
 + Level 3.2 Fighting
 * Level 2.6 Long Blades
 + Level 2.7 Armour
 + Level 1.1 Dodging
 - Level 2.1 Shields


You had 3 spell levels left.
You didn't know any spells.

Dungeon Overview and Level Annotations

Branches:
Dungeon (5/15)             Temple (1/1) D:4

Altars:
Dithmenos
Fedhas
The Shining One

Shops:
D:4 (

Annotations:
D:5 4tharraofdagon's ghost, weakling CeFi


Innate Abilities, Weirdness & Mutations

You have hooves in place of feet.
Armour fits poorly on your strangely shaped body.
You digest meat inefficiently.
You cover ground very quickly.
You have a fast metabolism.
You have extremely tough skin (AC +3).


Message History

4tharraofdagon's ghost turns its malevolent gaze towards you.
Found a mace.
A giant frog skeleton comes into view.
Unknown command.
Unknown command.
Unknown command.
Found 2 scrolls labeled NASIAM FYTH.
You see here an oily yellow potion.
f - an oily yellow potion Drink which item? (? for menu, Esc to quit)
That liquid tasted very nasty...
You are lethally poisoned!
It was a potion of poison.
* * * LOW HITPOINT WARNING * * *
You feel sick. 4tharraofdagon's ghost ripples.
Unknown command.
* * * LOW HITPOINT WARNING * * *
You feel sick.
The centaur shoots an arrow.
The arrow hits you!
You die...

#. . ##.######.#
?......... #.....##c#
#.....##.# #.)...##.#
#.....##.# #.#
#####..@.p##.#####......
............c..?...g..
#####.....##.#####......
#.....##.# ...
########.# g .p. ...
..... ..z..


You could see a centaur and 4tharraofdagon's ghost.

Vanquished Creatures
  3 adders
  A giant mite (D:2)
  An orc (D:3)
  2 ball pythons
  2 bats
  A giant cockroach (D:2)
  4 goblins
  2 hobgoblins
  8 jackals
  A quokka (D:2)
  3 giant newts
  4 kobolds
  3 rats
35 creatures vanquished.

Vanquished Creatures (others)
  4 toadstools (D:1)
4 creatures vanquished.

Grand Total: 39 creatures vanquished

Notes
Turn   | Place    | Note
--------------------------------------------------------------
     0 | D:1      | 4tharraofdagon, the Centaur Fighter, began the quest for the Orb.
     0 | D:1      | Reached XP level 1. HP: 19/19 MP: 1/1
    79 | D:2      | Reached XP level 2. HP: 13/26 MP: 2/2
   212 | D:2      | Reached XP level 3. HP: 9/31 MP: 3/3
   430 | D:4      | Reached skill level 1 in Dodging
   475 | D:4      | Found a staircase to the Ecumenical Temple.
   529 | Temple   | Entered the Ecumenical Temple
   551 | Temple   | Became a worshipper of the Shining One
   633 | D:4      | Found Joinwass' Weapon Shop.
   636 | D:4      | Identified a +0 rod of striking (12/12) (You found it on level 4 of the Dungeon)
   659 | D:4      | Reached XP level 4. HP: 15/38 MP: 3/3
   690 | D:4      | Found a blossoming altar of Fedhas.
   717 | D:5      | Entered Level 5 of the Dungeon
   719 | D:5      | Noticed a centaur
   720 | D:5      | Noticed 4tharraofdagon's ghost (weakling CeFi)
   727 | D:5      | Shot with an arrow by a centaur

Action                   |  1- 3 |  4- 6 || total
-------------------------+-------+-------++-------
Melee: Long sword        |    89 |     1 ||    90
Throw: Throwing net      |     1 |     1 ||     2
Evoke: Wand              |     1 |       ||     1
  Use: Potion            |     1 |     1 ||     2
